 Dungeon Crawl Stone Soup version 0.31-a0-1570-g93c622d222 (webtiles) character file.

Game seed: 238124702489030434

9 Flugslaktarn the Apothecary (level 2, 17/17 HPs)
             Began as an Octopode Alchemist on Jan 3, 2024.
             Was a Plaything of Xom.
             Quit the game on level 2 of the Dungeon.
             The game lasted 00:00:50 (163 turns).

Flugslaktarn the Apothecary (Octopode Alchemist)     Turns: 163, Time: 00:00:51

Health: 17/17      AC:  1    Str:  7    XL:     2   Next: 12%
Magic:  4/5        EV: 13    Int: 17    God:    Xom [..*...]
Gold:   38         SH:  0    Dex: 12    Spells: 4/5 levels left

rFire   . . .        b - +3 short sword
rCold   . . .        (no shield)
rNeg    . . .        (helmet restricted)
rPois   .            (no amulet)
rElec   .            (no ring)
rCorr   .            (no ring)
SInv    .            (no ring)
Will    .....        (no ring)
Stlth   +++          (no ring)
HPRegen 0.22/turn    (no ring)
MPRegen 0.09/turn    (no ring)
                     (no ring)

%: no passive effects
@: no status effects
A: almost no armour, amphibious, 8 rings, camouflage 1, gelatinous body 1,
(nimble swimmer 1), tentacles
a: Renounce Religion


You were on level 2 of the Dungeon.
You worshipped Xom.
You were a toy of Xom.
You visited 1 branch of the dungeon, and saw 2 of its levels.

You collected 38 gold pieces.

Inventory:

Hand Weapons
 b - a +3 short sword (weapon)
   (You took it off a kobold on level 1 of the Dungeon)
Magical Staves
 f - a staff of cold
   (You found it on level 2 of the Dungeon)
Scrolls
 d - a scroll of identify {unknown}
 e - a scroll of immolation {unknown}
Potions
 a - a potion of magic
 c - a potion of heal wounds {unknown}
 g - a potion of lignification {unknown}


   Skills:
 - Level 2.0 Dodging
 - Level 2.6 Stealth
 + Level 2.2 Spellcasting
 - Level 1.0 Conjurations
 * Level 3.7 Alchemy


You had 4 spell levels left.
You knew the following spells:

 Your Spells              Type           Power      Damage    Failure   Level
a - Sting                 Conj/Alch      40%        1d5       7%          1

Your spell library contained the following spells:

 Spells                   Type           Power      Damage    Failure   Level
 Mercury Vapours          Alch/Air       16%        N/A       13%         2
 Mephitic Cloud           Conj/Alch/Air  7%         N/A       30%         3
 Olgreb's Toxic Radiance  Alch           14%        N/A       36%         4
 Sticky Flame             Fire/Alch      8%         2d4       65%         4


Dungeon Overview and Level Annotations

Branches:
Dungeon (2/15)

Altars:
Xom

Shops:
D:1 ?


Innate Abilities, Weirdness & Mutations

You cannot wear most types of armour.
You are amphibious.
You can wear up to eight rings at the same time.
Your skin changes colour to match your surroundings (Stealth+).
Your rubbery body absorbs attacks. (AC +1, EV +1)
((You are camouflaged when in or above water. (Stealth+)))
You have tentacles for arms and can constrict up to eight enemies at once.


Message History

Nothing appears to happen.
Casting: Sting (safe; 8% risk of failure)
Confirm with . or Enter, or press ? or * to list all spells.
Aiming: Sting (safe; 8% risk of failure)
Press: ? - help, Shift-Dir - straight line, f/p - rat
Aim: a rat (asleep, 100% to hit)
The sting hits the rat.
The rat is poisoned.
You kill the rat!
There is a stone staircase leading down here.
You climb downwards.
Your magical contamination has completely faded away.
There is a stone staircase leading up here.
Found 13 gold pieces.
Found 5 stones.
Found a stone staircase leading down.
A rat comes into view.
Found a scroll labelled ZOYJOA GIANNUP.
You see here 13 gold pieces.
An endoplasm comes into view.
Found a scroll labelled DUORPH FETINEG.
Found a stone staircase leading down.
Found a twisted glowing staff.
There are no items here.
You see here 13 gold pieces.
You now have 38 gold pieces (gained 13).
The endoplasm quivers.
An endoplasm comes into view.
Casting: Sting (safe; 8% risk of failure)
Confirm with . or Enter, or press ? or * to list all spells.
You can't see any susceptible monsters within range! (Use Z to cast anyway.)
Casting: Sting (safe; 8% risk of failure)
Confirm with . or Enter, or press ? or * to list all spells.
Aiming: Sting (safe; 8% risk of failure)
Press: ? - help, Shift-Dir - straight line, f - endoplasm
Aim: an endoplasm (wandering, hasn't noticed you, 97% to hit)
The sting hits the endoplasm.
The endoplasm partially resists.
The endoplasm is lightly wounded.
The endoplasm quivers.
The rat squeaks loudly.
Casting: Sting (safe; 8% risk of failure)
Confirm with . or Enter, or press ? or * to list all spells.
Aiming: Sting (safe; 8% risk of failure)
Press: ? - help, Shift-Dir - straight line, f/p - endoplasm
Aim: an endoplasm (lightly wounded, 97% to hit)
The sting hits the endoplasm.
The endoplasm is poisoned.
The endoplasm is moderately wounded.
The endoplasm attacks as it pursues you!
The endoplasm closely misses you.
You hit the endoplasm.
You kill the endoplasm!
You hit the rat.
You kill the rat!
You have reached level 2!
Casting: Sting (safe; 8% risk of failure)
Confirm with . or Enter, or press ? or * to list all spells.
Aiming: Sting (safe; 8% risk of failure)
Press: ? - help, Shift-Dir - straight line, f - endoplasm
Aim: an endoplasm (97% to hit)
The sting hits the endoplasm.
The endoplasm is poisoned.
The endoplasm is lightly wounded.
You puncture the endoplasm!
You kill the endoplasm!
A kobold comes into view. It is wielding a +0 whip.
The kobold shouts!
You see here a rat corpse.
The kobold hits you with a +0 whip.
Casting: Sting (safe; 7% risk of failure)
Confirm with . or Enter, or press ? or * to list all spells.
You don't have enough magic to cast this spell.
You hit the kobold.
You kill the kobold!
Found a faded altar of an unknown god.
Found a stone staircase leading up.
You see here a +0 whip.
No target in view!
e - a scroll labelled ZOYJOA GIANNUP You see here a staff of cold.
f - a staff of cold You enter the deep water.
There is a faded altar of an unknown god here.
This altar belongs to (a) Xom, (b) Trog or (c) Sif Muna, but you can't tell which.
Press the corresponding letter to learn more about a god, or press enter to convert or escape to cancel.
Okay, then.
Found a ring mail.
There is a stone staircase leading up here.
You climb upwards.
Found an orange potion.
Found Wiemuton's Magic Scroll Boutique.
There is a stone staircase leading down here.
g - an orange potion
There is an entrance to Wiemuton's Magic Scroll Boutique here.
There is a stone staircase leading down here.
You climb downwards.
There is a stone staircase leading up here.
You aren't carrying any pieces of jewellery.
Unknown command.
Okay, then.
There is a faded altar of an unknown god here.
This altar belongs to (a) Xom, (b) Trog or (c) Sif Muna, but you can't tell which.
Press the corresponding letter to learn more about a god, or press enter to convert or escape to cancel.
Xom accepts your prayer! Xom welcomes you!
Xom is very intrigued!
Unknown command.
Press < or > to pray at altars.
Are you sure you want to abandon this character and quit the game? (Confirm with "yes".)

#......# #.#....#
#......# ......#
##......# ###....#
#.......# ##....###
.###.≈≈≈≈≈.# #..#...<#
.....≈...≈.# #.#..##...#
#.##.≈.<.≈.###.#†#####.#
#....≈...≈.##....# ..
##.#.≈.@.≈..#.#.#####...
#...≈...≈............?#
###.≈≈≈≈≈....)..#..###
#..................#
####..............##..
#...##..........### #
#...............#
#...##....>.....# #..
######.....#


There were no monsters in sight!

Vanquished Creatures
  2 endoplasms (D:2)
  A giant cockroach (D:1)
  A hobgoblin (D:1)
  A frilled lizard (D:1)
  2 kobolds
  2 rats
9 creatures vanquished.

Notes
Turn   | Place    | Note
-------+----------+-------------------------------------------
     0 | D:1      | Flugslaktarn the Octopode Alchemist began the quest for the
                  | Orb.
     0 | D:1      | Reached XP level 1. HP: 11/11 MP: 3/3
   112 | D:2      | Reached XP level 2. HP: 17/17 MP: 1/5
   119 | D:2      | Found a faded altar of an unknown god.
   141 | D:1      | Found Wiemuton's Magic Scroll Boutique.
   162 | D:2      | Prayed at the altar of an unknown god.
   162 | D:2      | Became a worshipper of Xom of Chaos
   163 | D:2      | Quit the game

Illustrated notes

Levels and vault maps discovered:
D:1:      nzn_arrival_depleted_hourglass, layout_loops_corners, serial_shops,
          nicolae_shop_tiny_statue_garden
D:2:      layout_rooms, serial_shops, shop, nicolae_ecumenical_oubliette,
          kennysheep_generic_room_4, uniq_crazy_yiuf_cottage

Action                     || total
---------------------------++-------
  Melee: Unarmed           ||     4
         Short sword       ||     4
         Constrict         ||     2
         Tentacles         ||     1
   Cast: Sting             ||     7
 Armour: Skin              ||     2
  Dodge: Dodged            ||     2

Table legend: (Time is in decaauts)
 A = Elapsed time spent in this place.
 B = Non-inter-level travel time spent in this place.
 C = Inter-level travel time spent in this place.
 D = Time resting spent in this place.
 E = Time spent auto-exploring this place.
 F = Levels seen in this place.
 G = Mean time per level.
                   A        B        C        D        E       F      G
               +--------+--------+--------+--------+--------+-----+--------+
         Total |    162 |    162 |      0 |      0 |     30 |   2 |   81.0 |
       Dungeon |    162 |    162 |      0 |      0 |     30 |   2 |   81.0 |
               +--------+--------+--------+--------+--------+-----+--------+

Top non-repeatable levels by time:
     D:1: 108 daAuts
     D:2: 54 daAuts
